 Dungeon Crawl Stone Soup version 0.28.0-43-g3370ac3207 (webtiles) character file.

Game seed: 10737527296530947045

1496 mistaj the Skirmisher (level 8, -10/47 HPs)
             Began as a Vine Stalker Fighter on Mar 19, 2022.
             Was a Believer of Makhleb.
             Mangled by a hornet (11 damage)
             ... on level 6 of the Dungeon.
             The game lasted 00:11:12 (6352 turns).

mistaj the Skirmisher (Vine Stalker Fighter)        Turns: 6352, Time: 00:11:13

Health: -10/47     AC:  9    Str: 20    XL:     8   Next: 81%
Magic:  0/9        EV:  7    Int: 10    God:    Makhleb [**....]
Gold:   282        SH:  4    Dex: 13    Spells: 7/7 levels left

rFire   . . .      SeeInvis .     - Unarmed
rCold   . . .      Faith    .   b - +0 buckler
rNeg    + . .      Spirit   +   k - +0 chain mail
rPois   .          Reflect  .   (no helmet)
rElec   .          Harm     .   (no cloak)
rCorr   .          Rampage  .   (no gloves)
Will    +....                   i - +0 pair of boots
Stlth   ..........              (no amulet)
HPRegen 0.95/turn               d - ring of positive energy
MPRegen 0.11/turn               (no ring)

@: lethally poisoned (-10 -> -11)
A: fangs 3, regeneration 1, magic shield, antimagic bite, no potion heal 2
a: Renounce Religion, Minor Destruction


You were on level 6 of the Dungeon.
You worshipped Makhleb.
Makhleb was pleased with you.
You visited 1 branch of the dungeon, and saw 6 of its levels.

You collected 282 gold pieces.

Inventory:

Hand Weapons
 o - a +1 mace of holy wrath
Armour
 b - a +0 buckler (worn)
 i - a +0 pair of boots (worn)
 k - a +0 chain mail (worn)
 m - a +0 leather armour of cold resistance
Jewellery
 d - a ring of positive energy (left hand)
Wands
 l - a wand of polymorph (2)
 n - a wand of acid (10)
 s - a wand of flame (12)
 x - a wand of paralysis (13)
Scrolls
 e - a scroll of magic mapping {unknown}
 f - 6 scrolls of identify {unknown}
 g - 4 scrolls of teleportation {unknown}
 h - 3 scrolls of noise {unknown}
 j - 2 scrolls of blinking {unknown}
 p - 2 scrolls of brand weapon {unknown}
 q - a scroll of vulnerability {unknown}
 t - a scroll of enchant weapon {unknown}
Potions
 a - a potion of brilliance {unknown}
 c - 3 potions of might
 r - 2 potions of curing {unknown}
 u - a potion of invisibility {unknown}
 v - a potion of ambrosia {unknown}
 w - a potion of berserk rage {unknown}


   Skills:
 * Level 7.8 Fighting
 - Level 2.4 Armour
 - Level 2.6 Shields
 + Level 7.3 Unarmed Combat


You had 7 spell levels left.
You didn't know any spells.
Your spell library contained the following spells:

 Spells                   Type           Power      Damage    Failure   Level
 Tukima's Dance           Hex            0%         N/A       100%        3
 Passage of Golubria      Tloc           0%         N/A       100%        4
 Alistair's Intoxication  Tmut/Pois      0%         N/A       100%        5
 Borgnjor's Vile Clutch   Necr/Erth      0%         N/A       100%        5
 Yara's Violent Unravell  Hex/Tmut       0%         3d3       100%        5
 Eringya's Noxious Bog    Tmut/Pois      0%         N/A       100%        6


Dungeon Overview and Level Annotations

Branches:
Dungeon (6/15)             Temple (0/1) D:5

Altars:
Fedhas
Kikubaaqudgha
Makhleb
Ru

Shops:
D:2 [


Innate Abilities, Weirdness & Mutations

You have razor-sharp teeth.
Your natural rate of healing is unusually fast.
When hurt, damage is shared between your health and your magic reserves.
Your bite disrupts and absorbs the magic of your enemies.
Potions cannot restore your health.


Message History

You feel yourself speed up.
You feel sick.
The hornet stings you but does no damage.
The bullfrog releases a deep croak.
The hornet stings you!
You are more poisoned.
You feel yourself slow down.
The bullfrog releases a deep croak.
You hit the hornet but do no damage. You bite the hornet. You drain its power.
You feel invigorated.
The hornet is severely wounded.
You feel very sick.
The hornet stings you but does no damage.
The hornet barely misses you.
You punch the hornet!
The hornet is almost dead.
You feel yourself speed up.
You feel very sick.
The hornet stings you but does no damage.
The hornet barely misses you.
You hit the hornet. Your bite misses the hornet.
The hornet is almost dead.
You feel sick. The hornet stings you!
You suddenly lose the ability to move!
You feel sick. The hornet stings you.
You shrug off the repeated paralysis!
The hornet barely misses you.
You feel sick. The hornet stings you!
* * * LOW HITPOINT WARNING * * *
You shrug off the repeated paralysis!
You can move again.
You hit the hornet. Your bite misses the hornet.
The hornet is almost dead.
You feel sick. The hornet stings you!
* * * LOW HITPOINT WARNING * * *
You shrug off the repeated paralysis!
The hornet stings you but does no damage.
You closely miss the hornet. You bite the hornet, but do no damage.
The hornet is almost dead.
* * * LOW HITPOINT WARNING * * *
You feel sick. The hornet stings you!
You die...

#.# #.# ########.#
#.# #.......[# #.#
#.######.# #.# ##.##
# #.# ##...## .#
..###.##.###.#.#.##
.#
.......@..........##
.#
..####y#.###.#.#...#
.# #F#.#
##....#.##.# #.#.#
##........# # ....#
#.##>...## . ....#
#........# .#....
..........## .###.#
###......... ..#
###....###


You could see a hornet and a bullfrog.

Vanquished Creatures
  Prince Ribbit (D:5)
  Menkaure (D:5)
  Duvessa (D:5)
  An ice beast (D:5)
  2 black bears
  A centaur (D:6)
  4 scorpions
  Dowan (D:5)
  A bullfrog zombie (D:5)
  2 orc priests (D:3)
  2 bullfrog skeletons (D:4)
  A centaur skeleton (D:5)
  Ijyb (D:3)
  3 orc wizards (D:3)
  A killer bee zombie (D:4)
  A howler monkey zombie (D:5)
  4 adders
  A white imp (D:5)
  A worm (D:4)
  3 dart slugs
  13 orcs
  12 endoplasms
  2 giant cockroaches
  8 goblins
  10 hobgoblins
  4 jackals (D:3)
  4 quokkas
  6 ball pythons
  6 bats
  3 frilled lizards
  9 kobolds
  11 rats
121 creatures vanquished.

Vanquished Creatures (others)
  2 plants (D:3)
2 creatures vanquished.

Grand Total: 123 creatures vanquished

Notes
Turn   | Place    | Note
-------+----------+-------------------------------------------
     0 | D:1      | mistaj the Vine Stalker Fighter began the quest for the
                  | Orb.
     0 | D:1      | Reached XP level 1. HP: 11/11 MP: 2/2
   154 | D:1      | Reached XP level 2. HP: 16/16 MP: 3/3
   668 | D:1      | Reached XP level 3. HP: 11/20 MP: 4/4
  2042 | D:2      | Found a blossoming altar of Fedhas.
  2064 | D:2      | Found Ajeejeuf's Armour Shoppe.
  2471 | D:3      | Gained mutation: Your natural rate of healing is unusually
                  | fast. [Vine Stalker growth]
  2471 | D:3      | Reached XP level 4. HP: 21/25 MP: 3/5
  2499 | D:3      | Found a burning altar of Makhleb.
  2515 | D:3      | Became a worshipper of Makhleb the Destroyer
  2929 | D:4      | Noticed a scorpion
  3020 | D:3      | Reached XP level 5. HP: 27/29 MP: 6/6
  3169 | D:3      | Found a sacrificial altar of Ru.
  3345 | D:3      | Found an ancient bone altar of Kikubaaqudgha.
  3422 | D:3      | Reached * piety under Makhleb
  3666 | D:3      | Reached XP level 6. HP: 33/34 MP: 7/7
  3726 | D:4      | Noticed Ijyb
  3855 | D:3      | Killed Ijyb
  4282 | D:4      | Reached skill level 5 in Fighting
  4282 | D:4      | Reached skill level 5 in Unarmed Combat
  4322 | D:4      | Reached XP level 7. HP: 39/39 MP: 8/8
  4789 | D:5      | Entered Level 5 of the Dungeon
  4883 | D:5      | Noticed Menkaure
  4917 | D:5      | Killed Menkaure
  4988 | D:5      | Reached ** piety under Makhleb
  5030 | D:5      | Gained mutation: You have razor-sharp teeth. [Vine Stalker
                  | growth]
  5030 | D:5      | Reached XP level 8. HP: 22/45 MP: 3/9
  5326 | D:5      | Found a staircase to the Ecumenical Temple.
  5337 | D:5      | Noticed Prince Ribbit
  5339 | D:5      | Noticed Dowan
  5342 | D:5      | Noticed Duvessa
  5386 | D:5      | Killed Prince Ribbit
  5614 | D:5      | Killed Duvessa
  5645 | D:5      | Killed Dowan
  6339 | D:6      | Noticed a hornet
  6348 | D:6      | Paralysed by a hornet for 3 turns
  6351 | D:6      | HP: 1/47 [hornet (7)]
  6352 | D:6      | Mangled by a hornet

Illustrated notes

Levels and vault maps discovered:
D:1:      zaba_arrival_water, layout_rooms, grunt_decor_cap,
          minmay_misc_feat_rugged
D:2:      layout_basic, serial_shops, nicolae_diamond_shop, basic_altar,
          minmay_octomino_e4
D:3:      layout_rooms, old_standard_altar, nicolae_kikubaaqudgha_miasma_corner,
          nicolae_ru_great_annihilating_truth, minmay_liquid_box,
          kennysheep_cluttered_room, serial_bayou_pond_b
D:4:      minmay_spotlight, layout_loops_ring, uniq_ijyb
D:5:      layout_basic, temple_statues, serial_bayou_lagoon_a, uniq_menkaure,
          uniq_prince_ribbit1, uniq_duvessa
D:6:      layout_loops_ring

Skill      XL: |  1  2  3  4  5  6  7  8 |
---------------+-------------------------+-----
Fighting       | 3 4 5 6 7 |  7.8
Unarmed Combat | 3 4 5 6 7 |  7.3
Armour         | |  2.4
Shields        | |  2.6

Action                   |  1- 3 |  4- 6 |  7- 9 || total
-------------------------+-------+-------+-------++-------
Melee: Unarmed           |   139 |   248 |   145 ||   532
       Bite              |    31 |    51 |    49 ||   131
 Stab: Paralysed         |       |     1 |       ||     1
Armor: Scale mail        |    51 |    76 |       ||   127
       Chain mail        |       |    18 |    87 ||   105
Dodge: Dodged            |    52 |    80 |    43 ||   175
Block: Buckler           |    28 |    28 |    43 ||    99
